 Dungeon Crawl Stone Soup version 0.29.1-1-gd02db6906a (webtiles) character file.

Game seed: 6558945427785783797

1999 Earthwalker the Fighter (level 9, -2/78 (81) HPs)
             Began as a Minotaur Fighter on Oct 15, 2022.
             Was a Believer of Okawaru.
             Slain by a wight
             ... wielding a +3 great sword
              (20 damage)
             ... on level 6 of the Dungeon.
             The game lasted 00:16:47 (7212 turns).

Earthwalker the Fighter (Minotaur Fighter)          Turns: 7212, Time: 00:16:48

HP:   -2/78 (81)    AC:  8    Str: 25    XL:     9   Next: 2%
MP:   8/8           EV:  8    Int:  5    God:    Okawaru [**....]
Gold: 235           SH: 10    Dex: 10    Spells: 8/8 levels left

rFire   . . .      SeeInvis .   a - +0 war axe
rCold   . . .      Faith    .   s - +0 kite shield
rNeg    . . .      Spirit   .   b - +0 scale mail
rPois   .          Reflect  .   (helmet restricted)
rElec   .          Harm     .   (no cloak)
rCorr   .          Rampage  .   (no gloves)
Will    .....                   (no boots)
Stlth   ..........              (no amulet)
HPRegen 0.23/turn               (no ring)
MPRegen 0.11/turn               (no ring)

@: lightly drained
A: horns 2, retaliatory headbutt
a: Renounce Religion, Heroism


You were on level 6 of the Dungeon.
You worshipped Okawaru.
Okawaru was pleased with you.
You visited 2 branches of the dungeon, and saw 8 of its levels.
You also visited: Ossuary.

You collected 235 gold pieces.

Inventory:

Hand Weapons
 a - a +0 war axe (weapon)
Missiles
 q - 2 atropa-tipped darts (quivered)
 C - 6 curare-tipped darts
 F - 6 poisoned darts
Armour
 b - a +0 scale mail (worn)
 c - a +0 buckler
 s - a +0 kite shield (worn)
Jewellery
 j - a ring of wizardry
 o - a ring of ice
 p - an amulet of magic regeneration
Wands
 I - a wand of digging (7)
Scrolls
 h - 4 scrolls of magic mapping
 i - a scroll of enchant armour
 k - 2 scrolls of amnesia
 l - a scroll of torment {unknown}
 t - 5 scrolls of teleportation {unknown}
 u - 2 scrolls of brand weapon {unknown}
 v - 2 scrolls of enchant weapon {unknown}
 x - a scroll of noise {unknown}
 y - a scroll of vulnerability {unknown}
 z - 2 scrolls of fear {unknown}
 G - 4 scrolls of identify
 H - a scroll of summoning {unknown}
Potions
 d - 3 potions of might
 e - a potion of flight {unknown}
 f - 3 potions of resistance {unknown}
 g - 2 potions of brilliance {unknown}
 m - a potion of degeneration {unknown}
 n - a potion of lignification {unknown}
 r - 4 potions of curing {unknown}
 w - a potion of attraction {unknown}
 A - a potion of haste {unknown}
 B - a potion of cancellation {unknown}
 D - 2 potions of berserk rage {unknown}
 E - a potion of heal wounds {unknown}
 J - a potion of mutation {unknown}


   Skills:
 * Level 8.0 Fighting
 * Level 7.3 Axes
 * Level 8.0 Armour
 * Level 8.0 Shields


You had 8 spell levels left.
You didn't know any spells.
Your spell library was empty.

Dungeon Overview and Level Annotations

Branches:
Dungeon (7/15)             Temple (1/1) D:4         Ossuary (visited)

Altars:
Ashenzari
Dithmenos
Elyvilon
Fedhas
Gozag
Hepliaklqana
Kikubaaqudgha
Okawaru
Qazlal
Ru
Sif Muna
Trog
Uskayaw
Vehumet
Wu Jian
Yredelemnul
Zin
The Shining One

Shops:
D:4 (

Annotations:
D:3 2 runed translucent doors


Innate Abilities, Weirdness & Mutations

You have a pair of horns on your head.
You reflexively headbutt those who attack you in melee.


Message History

a +0 scimitar; a +0 robe
There is a stone staircase leading down here.
You climb downwards.
You hear the roar of battle.
There is an entrance to a bailey on this level.
Hurry and find it before the portal closes forever!
The wight hits you with a +3 great sword!
There is a stone staircase leading up, spattered with blood here.
You block the wight's attack. The wight barely misses you.
You furiously retaliate!
You headbutt the wight.
You climb upwards.
There is a stone staircase leading down here.
You closely miss the wight.
The wight is moderately damaged.
You barely miss the wight.
The wight hits you with a +3 great sword!!
You block the wight's attack.
You hit the wight. Your headbutt misses the wight.
The wight is moderately damaged.
You hit the wight.
The wight hits you with a +3 great sword.
The wight hits you with a +3 falchion!
You feel drained.
The wight hits you with a +3 great sword.
* * * LOW HITPOINT WARNING * * *
You block the wight's attack.
You are too injured to fight recklessly!
You barely miss the wight.
The wight is moderately damaged.
You hit the wight but do no damage. You block the wight's attack. x2
You hit the wight.
The wight is severely damaged.
You hit the wight but do no damage. You block the wight's attack.
The wight hits you but does no damage.
You hit the wight.
The wight is severely damaged.
You barely miss the wight. The wight closely misses you.
You furiously retaliate!
You headbutt the wight. The wight hits you with a +3 falchion.
* * * LOW HITPOINT WARNING * * *
The wight hits you with a +3 great sword!!
You die...

#.##.##### #.##.##.†. #####
#.##.#..## #...# #....#...#
#.#.# #####......#
#.#.#############..<..#.....
#.#........................#
#.#####...z.z...#.##.....#.#
#...# #.#..@[...............
###.# #.##.#......####.....#
#.# #.#................###
#.# #.#..#...........###
#####.# #.#..###############
# #.....# #.#..# ###......#
# #.#######.#..# #...######
# #.##......#..#
#.########## #.#########..#
#..........#


You could see 2 wights.

Vanquished Creatures
  Grinder (D:6)
  A wraith (Ossuary)
  A water moccasin (D:6)
  2 black bears
  3 ice beasts
  2 ogres (D:5)
  2 bullfrogs (D:6)
  A necrophage (D:6)
  5 wights
  2 hounds (D:5)
  An orc priest (D:5)
  2 iguanas
  Terence (D:2)
  3 orc wizards
  2 mummies (Ossuary)
  3 gnolls (D:4)
  8 adders
  A white imp (D:5)
  2 worms (D:2)
  4 dart slugs
  9 orcs
  7 ball pythons
  8 bats
  10 endoplasms
  2 giant cockroaches (D:1)
  7 goblins
  8 hobgoblins
  3 kobolds
  A quokka (D:2)
  5 goblin zombies (Ossuary)
  4 kobold zombies (Ossuary)
  8 rats
119 creatures vanquished.

Notes
Turn   | Place    | Note
-------+----------+-------------------------------------------
     0 | D:1      | Earthwalker the Minotaur Fighter began the quest for the
                  | Orb.
     0 | D:1      | Reached XP level 1. HP: 19/19 MP: 0/0
    56 | D:1      | Found a faded altar of an unknown god.
    91 | D:1      | Reached XP level 2. HP: 27/27 MP: 1/1
   280 | D:1      | Reached XP level 3. HP: 33/33 MP: 2/2
   865 | D:2      | Noticed Terence
   872 | D:2      | Killed Terence
   873 | D:2      | Reached XP level 4. HP: 28/40 MP: 3/3
  2045 | D:3      | Found a large runed translucent door.
  2046 | D:3      | Found a large runed translucent door.
  2068 | D:3      | Found a bloodstained altar of Trog.
  2966 | D:4      | Reached XP level 5. HP: 35/47 MP: 4/4
  3034 | D:4      | Found a sand-covered staircase.
  3039 | Ossuary  | Entered an ossuary
  3039 | Ossuary  | Noticed a wraith
  3039 | Ossuary  | Noticed a wraith
  3039 | Ossuary  | Noticed a wraith
  3300 | Ossuary  | Noticed a wraith
  3305 | Ossuary  | Killed a wraith
  3306 | Ossuary  | Reached skill level 5 in Fighting
  3306 | Ossuary  | Reached skill level 5 in Armour
  3306 | Ossuary  | Reached skill level 5 in Shields
  3306 | Ossuary  | Reached XP level 6. HP: 37/56 MP: 5/5
  3927 | D:4      | Found a staircase to the Ecumenical Temple.
  3936 | Temple   | Entered the Ecumenical Temple
  4010 | Temple   | Became a worshipper of Warmaster Okawaru
  4248 | D:4      | Found Tueggezui's Weapon Shop.
  4522 | D:5      | Entered Level 5 of the Dungeon
  4712 | D:5      | Found a hazy altar of Hepliaklqana.
  4775 | D:5      | Found a broken altar of Ashenzari.
  4831 | D:5      | Reached XP level 7. HP: 59/62 MP: 6/6
  4834 | D:5      | Reached skill level 5 in Axes
  5349 | D:5      | Reached * piety under Okawaru
  5656 | D:5      | Reached XP level 8. HP: 63/71 MP: 7/7
  5656 | D:5      | Found a white marble altar of Elyvilon.
  5658 | D:5      | Found a glowing silver altar of Zin.
  5877 | D:6      | Noticed Grinder
  5877 | D:6      | Paralysed by Grinder for 2 turns
  5887 | D:6      | Paralysed by Grinder for 4 turns
  5892 | D:6      | Killed Grinder
  7198 | D:6      | Reached ** piety under Okawaru
  7200 | D:6      | Reached XP level 9. HP: 74/81 MP: 8/8
  7212 | D:6      | Slain by a wight

Illustrated notes

Levels and vault maps discovered:
D:1:      spicycebolla_green_bress_n_ham_2, layout_basic,
          shapermc_ecumenical_altar_venn
D:2:      mumra_celtic_spiral_tile, layout_basic, kennysheep_generic_room_5,
          uniq_terence
D:3:      layout_loops_corners, mainiacjoe_overflow_tiny_flanked,
          jmf_multi_god_temple2, serial_park_tiny_pond, amethyst_killhole
D:4:      layout_loops_ring, minmay_temple_entry_fiery, serial_shops,
          nicolae_shop_trees, nicolae_ossuary_entry_plus
D:5:      layout_basic, mainiacjoe_overflow_alcove_2,
          gammafunk_temple_overflow_pools, lemuel_coloured_pillars_altar
D:6:      layout_basic, moated_statue, uniq_grinder
D:7:      layout_loops_ring, serial_shops, shop, enter_bailey_1,
          minmay_crystal_room, hangedman_decor_lopped, kb_lookout_dungeons_type
Temple:   oiseaux_autumnal_temple

Skill      XL: |  1  2  3  4  5  6  7  8 |
---------------+-------------------------+-----
Fighting       | 4 5 6 8 |  8.0
Armour         | 4 5 6 8 |  8.0
Shields        | 4 5 6 8 |  8.0
Axes           | 3 4 5 7 |  7.3

Action                   |  1- 3 |  4- 6 |  7- 9 || total
-------------------------+-------+-------+-------++-------
Melee: War axe           |    42 |   141 |   124 ||   307
       Headbutt          |     6 |    19 |    30 ||    55
  Use: Scroll            |       |     3 |       ||     3
Armor: Scale mail        |    15 |    51 |    46 ||   112
Dodge: Dodged            |    23 |    66 |    36 ||   125
Block: Buckler           |     6 |     5 |       ||    11
       Kite shield       |       |    45 |    60 ||   105
